Map: Neo Planet S LE

Players

Rob

  • Race: Protoss Protoss
  • League: Grandmaster
  • Spawn Location: 1:00

Jason - Winner!

  • Race: Terran Terran
  • League: Grandmaster
  • Spawn Location: 7:00

VOD

Have the link to the VOD?

Description

Time

  • Played on: May 14, 2019, 4:48 p.m.
  • Length: 8:57
Show
View Real Time Build Order
Export as new Build Order

Rob Protoss 

Build Orders:  

Get SALT Encoding   

  12  0:00  Probe  
  13  0:12  Probe  
  14  0:19  Pylon  
  14  0:24  Probe  
  15  0:34  Probe  
  15  0:39  Gateway  
  15  0:42  Probe  
  16  0:48  Assimilator  
  17  0:52  Probe  
  18  1:01  Assimilator  
  19  1:04  Probe  
  19  1:16  Probe  
  20  1:27  Cybernetics Core  
  20  1:28  Probe  
  21  1:54  Nexus  
  21  1:56  Pylon  
  21  1:59  Adept  
  21  2:06  Probe  
  22  2:11  Warp Gate  
  23  2:18  Probe  
  24  2:23  Stalker  
  26  2:31  Probe  
  27  2:37  Robotics Facility  
  27  2:43  Probe  
  28  2:55  Probe  
  29  3:06  Probe  
  29  3:08  Probe  
  31  3:18  Gateway  
  31  3:19  Probe  
  32  3:20  Probe  
  32  3:24  Gateway  
  32  3:25  Gateway  
  33  3:31  Immortal  
  33  3:32  Probe  
  33  3:33  Probe  
  35  3:46  Probe  
  35  3:48  Probe  
  41  3:58  Sentry, Probe  
  41  4:00  Probe  
  41  4:01  Pylon  
  45  4:10  Probe  
  45  4:12  Warp Prism  
  45  4:13  Pylon  
  46  4:19  Probe  
  49  4:26  Stalker x2  
  53  4:32  Pylon  
  53  4:34  Sentry x2  
  57  4:39  Pylon  
  57  4:46  Immortal  
  57  4:47  Probe  
  58  4:52  Stalker  
  58  4:53  Stalker  
  58  4:54  Pylon  
  58  4:58  Stalker  
  58  4:59  Stalker  
  66  5:06  Pylon  
  66  5:12  Gateway  
  66  5:13  Sentry  
  68  5:16  Stalker  
  70  5:22  Stalker x2  
  62  5:46  Stalker  
  62  5:47  Stalker x2, Zealot  
  54  5:57  Probe x2  
  54  5:58  Stalker  
  54  6:02  Assimilator  
  54  6:03  Assimilator  
  58  6:10  Stalker x2  
  58  6:11  Zealot x2  
  66  6:20  Probe x2  
  66  6:22  Shield Battery  
  68  6:26  Forge  
  68  6:30  Twilight Council  
  68  6:43  Probe x2  
  68  6:45  Stalker x4, Zealot  
  80  6:52  Pylon  
  78  7:19  Stalker x5  
  58  7:41  Immortal  
  58  7:43  Stalker x4  
  54  7:44  Zealot  
  60  8:07  Photon Cannon  
  60  8:08  Stalker x3  
  60  8:09  Zealot  
  68  8:15  Sentry  
  64  8:30  Gateway  
  64  8:31  Gateway x2  
  64  8:32  Robotics Bay  
  64  8:33  Zealot x2  
  54  8:43  Stalker  
Show
View Real Time Build Order
Export as new Build Order

Jason Terran - Winner!

Build Orders: Gas First Reaper Expand 

Get SALT Encoding   

  12  0:01  SCV  
  13  0:13  SCV  
  14  0:18  Supply Depot  
  14  0:25  SCV  
  15  0:29  Refinery  
  15  0:39  SCV  
  16  0:46  Barracks  
  16  0:51  SCV  
  17  1:03  SCV  
  18  1:15  SCV  
  19  1:32  Orbital Command  
  19  1:33  Reaper  
  20  1:52  Command Center  
  20  2:03  Factory  
  20  2:07  SCV  
  21  2:08  Barracks Reactor  
  21  2:18  Supply Depot  
  21  2:22  SCV  
  22  2:26  Refinery  
  22  2:34  SCV  
  23  2:46  SCV  
  24  2:54  Starport  
  24  2:55  Barracks Tech Lab  
  24  2:56  Hellion x2  
  28  2:58  SCV  
  29  3:08  Orbital Command  
  29  3:11  SCV  
  29  3:24  SCV, Orbital Command  
  29  3:26  Marine x2  
  32  3:29  Cyclone  
  35  3:39  Viking  
  35  3:40  SCV  
  38  3:46  Marine x2  
  40  3:51  SCV  
  40  3:52  SCV  
  42  4:02  Siege Tank  
  45  4:03  SCV  
  45  4:06  Supply Depot  
  46  4:11  Supply Depot  
  46  4:12  Starport Tech Lab  
  46  4:24  Bunker  
  46  4:27  Marine x2  
  46  4:28  SCV x2  
  50  4:37  Barracks  
  50  4:39  Siege Tank  
  50  4:40  SCV, Barracks  
  50  4:41  SCV  
  50  4:44  Refinery  
  55  4:47  Engineering Bay  
  55  4:52  SCV  
  56  4:56  SCV  
  57  5:04  SCV  
  58  5:07  Marine  
  58  5:08  SCV, Stimpack, Supply Depot  
  60  5:16  SCV  
  60  5:18  Missile Turret  
  60  5:20  SCV  
  62  5:22  Starport Reactor, Factory Reactor  
  62  5:30  SCV, Supply Depot  
  62  5:32  SCV  
  56  5:49  Marine  
  42  5:50  Marine  
  42  5:51  Marine x2  
  40  6:03  SCV  
  40  6:07  Marine x2  
  40  6:09  Marine x2  
  40  6:11  Widow Mine  
  46  6:12  Widow Mine  
  46  6:15  SCV  
  49  6:25  Marine x2  
  49  6:26  Marine  
  49  6:27  SCV, Marauder  
  55  6:37  Widow Mine  
  55  6:39  SCV  
  58  6:42  Medivac  
  58  6:43  Medivac, Marine  
  58  6:44  Orbital Command, Marine  
  58  6:45  Marauder  
  65  6:54  Marine  
  65  7:01  Widow Mine, Marine  
  69  7:02  Marine  
  69  7:06  Marauder  
  72  7:14  Marine  
  72  7:19  SCV, Marine  
  72  7:22  Orbital Command  
  74  7:28  Marauder  
  50  7:41  Marine  
  49  7:56  SCV  
  50  8:00  Marine  
  50  8:02  SCV  
  50  8:03  Marine  
  50  8:05  Marine  
  49  8:23  SCV, Marine x3  
  49  8:24  Marauder  
  49  8:25  SCV  
  53  8:35  SCV  
  53  8:37  SCV  
Tags
 
Add a new tag
Caveats
  • Supply blocks, unpowered buildings, or Contaminate may cause inaccurate times.
  • Supply counts are checked every 10 seconds.